 Dungeon Crawl Stone Soup version 0.30.1-11-g7821555f0a (webtiles) character file.

Game seed: 4593218364495713487

56931 RancidPinata the Covert (level 13, -9/93 HPs)
             Began as an Octopode Delver on Jan 3, 2024.
             Was an Elder of Ru.
             Mangled by a death yak (26 damage)
             ... on level 4 of the Lair of Beasts on Jan 10, 2024.
             The game lasted 03:32:30 (28715 turns).

RancidPinata the Covert (Octopode Delver)          Turns: 28715, Time: 03:32:30

Health: -9/93      AC:  8    Str: 23    XL:     13   Next: 83%
Magic:  23/23      EV: 25    Int: 16    God:    Ru [****..]
Gold:   921        SH:  0    Dex: 20    Spells: 12/12 levels left

rFire   + . .        g - +7 staff of the Meek {protect, meekguard}
rCold   + + .        (shield currently unavailable)
rNeg    . . .        N - +3 hat of Pondering {ponderous, Will+ MP+10 Int+5}
rPois   +            p - amulet "Xoicag" {Regen+ Dex+3 Stlth+}
rElec   .            m - +6 ring of strength
rCorr   .            E - +6 ring of strength
SInv    +            t - ring of protection from fire
Will    +....        P - ring of see invisible
Stlth   +++++++++    S - ring of protection from cold
HPRegen 1.15/turn    U - ring of flight
MPRegen 0.18/turn    Y - +5 ring of evasion
                     i - ring "Hohecara" {rPois rC+ AC+4 Int-3}

%: no passive effects
@: about to teleport, flying, studying Necromancy, slow
A: almost no armour, amphibious, 8 rings, camouflage 1, gelatinous body 1,
unskilled 2, inexperienced 1, nimble swimmer 1, tentacles
a: Renounce Religion, Draw Out Power, Power Leap


You were on level 4 of the Lair of Beasts.
You worshipped Ru.
Ru was greatly pleased with you.
You visited 4 branches of the dungeon, and saw 21 of its levels.

You collected 2607 gold pieces.
You spent 1686 gold pieces at shops.

Inventory:

Hand Weapons
 f - a +5 short sword of draining
 g - the +7 staff of the Meek (weapon) {protect, meekguard}
   (You found it on level 5 of the Dungeon)
 v - the +2 dagger "Killer Bee's Peril" {heavy, rF+}
   (You found it on level 2 of the Dungeon)

   rF:        It protects you from fire.
 I - the +1 sling "Piror" {flame, rF+}
   (You found it on level 2 of the Lair of Beasts)

   rF:        It protects you from fire.
 T - the +8 scimitar "Tipan" {heavy, rPois rC+++ Int-5 Stlth+}
   (You found it on level 1 of the Lair of Beasts)

   Int:       It affects your intelligence (-5).
   rC:        It renders you almost immune to cold.
   rPois:     It protects you from poison.
   Stlth:     It makes you more stealthy.
 V - the +4 arbalest of the Open Hand {penet, +Blink rElec rPois Int-5}
   (You found it on level 2 of the Lair of Beasts)

   Int:       It affects your intelligence (-5).
   rElec:     It insulates you from electricity.
   rPois:     It protects you from poison.
   +Blink:    It lets you blink.
Missiles
 a - 4 datura-tipped darts
 b - 4 boomerangs (quivered)
 h - 6 atropa-tipped darts
 j - 5 curare-tipped darts
 k - 133 stones
 q - 43 poisoned darts
 z - 7 javelins
 Q - 2 throwing nets
Armour
 N - the +3 hat of Pondering (worn) {ponderous, Will+ MP+10 Int+5}
   (You took it off Gastronok on level 8 of the Dungeon)

   Int:       It affects your intelligence (+5).
   MP:        It affects your magic capacity (+10).
   Will:      It increases your willpower.
Jewellery
 i - the ring "Hohecara" (on tentacle) {rPois rC+ AC+4 Int-3}
   (You acquired it on level 11 of the Dungeon)

   [ring of protection]

   AC:        It affects your AC (+4).
   Int:       It affects your intelligence (-3).
   rC:        It protects you from cold.
   rPois:     It protects you from poison.
 m - a +6 ring of strength (left tentacle)
 p - the amulet "Xoicag" (around mantle) {Regen+ Dex+3 Stlth+}
   (You acquired it on level 11 of the Dungeon)

   [amulet of regeneration]

   Dex:       It affects your dexterity (+3).
   Regen:     It increases your rate of health regeneration.
   Stlth:     It makes you more stealthy.
 t - a ring of protection from fire (on tentacle)
 D - an amulet of guardian spirit
 E - a +6 ring of strength (right tentacle)
 P - a ring of see invisible (on tentacle)
 S - a ring of protection from cold (on tentacle)
 U - a ring of flight (on tentacle)
 X - a ring of magical power
 Y - a +5 ring of evasion (on tentacle)
Wands
 d - a wand of digging (7)
 l - a wand of charming (16)
 o - a wand of polymorph (13)
 w - a wand of flame (38)
 F - a wand of roots (19)
 K - a wand of quicksilver (8)
Scrolls
 c - 3 scrolls of magic mapping
 n - a scroll of immolation
 r - 5 scrolls of identify
 y - 2 scrolls of teleportation
 A - 2 scrolls of poison
 B - 2 scrolls of brand weapon
 C - 2 scrolls of torment
 J - a scroll of fear
 L - 4 scrolls of fog
 R - 4 scrolls of amnesia
 W - a scroll of enchant armour
Potions
 e - 3 potions of haste
 s - a potion of heal wounds
 u - 7 potions of mutation
 x - a potion of berserk rage
 G - 2 potions of brilliance
 H - 2 potions of cancellation
Miscellaneous
 O - a box of beasts


   Skills:
 * Level 10.5 Fighting
 + Level 7.9 Short Blades
 * Level 8.2 Staves
 + Level 6.6 Throwing
 * Level 10.4 Dodging
 * Level 12.9 Stealth
 + Level 6.2 Evocations


You had 12 spell levels left.
You didn't know any spells.
Your spell library contained the following spells:

 Spells                   Type           Power      Damage    Failure   Level
 Magic Dart               Conj           0%         1d3       26%         1
 Sandblast                Erth           0%         2d4       26%         1
 Sting                    Tmut/Pois      0%         1d3       26%         1
 Summon Small Mammal      Summ           0%         N/A       26%         1
 Ensorcelled Hibernation  Hex/Ice        0%         N/A       36%         2
 Passwall                 Tmut/Erth      0%         N/A       36%         2
 Poisonous Vapours        Pois/Air       0%         N/A       36%         2
 Searing Ray              Conj           0%         2d4       36%         2
 Sublimation of Blood     Necr           0%         N/A       36%         2
 Call Canine Familiar     Summ           0%         N/A       58%         3
 Ignite Poison            Fire/Tmut/Pois 0%         N/A       58%         3
 Stone Arrow              Conj/Erth      0%         3d7       58%         3
 Summon Guardian Golem    Hex/Summ       0%         N/A       58%         3
 Swiftness                Air            0%         N/A       58%         3
 Volatile Blastmotes      Fire/Tloc      0%         2d10      58%         3
 Fulminant Prism          Conj/Hex       0%         3d5       94%         4
 Iskenderun's Mystic Bla  Conj/Tloc      0%         2d3       94%         4
 Olgreb's Toxic Radiance  Pois           0%         N/A       94%         4
 Passage of Golubria      Tloc           0%         N/A       94%         4
 Petrify                  Tmut/Erth      0%         N/A       94%         4
 Sticky Flame             Conj/Fire      0%         2d3       94%         4
 Irradiate                Conj/Tmut      0%         3d11      100%        5
 Lee's Rapid Deconstruct  Erth           0%         3d4*      100%        5
 Silence                  Hex/Air        0%         N/A       100%        5
 Ignition                 Fire           0%         3d3       100%        8
 Lehudib's Crystal Spear  Conj/Erth      0%         10d2      100%        8


Dungeon Overview and Level Annotations

Branches:
Dungeon (14/15)            Temple (1/1) D:5            Lair (4/5) D:10
 Shoals (0/4) Lair:3        Snake (0/4) Lair:3        Slime (0/5) Lair:4
    Orc (2/2) D:10            Elf (0/3) Orc:2        Vaults (0/5) D:13

Altars:
Ashenzari
Cheibriados
Dithmenos
Elyvilon
Fedhas
Gozag
Hepliaklqana
Kikubaaqudgha
Makhleb
Nemelex Xobeh
Okawaru
Qazlal
Ru
Sif Muna
Trog
Uskayaw
Vehumet
Wu Jian
Xom
Yredelemnul
Zin
The Shining One

Shops:
D:2 (   D:9 !   D:11 !   D:12 *   Orc:1 (   Orc:2 =

Portals:
Trove: D:13 (give 3 potions of resistance)

Annotations:
D:14 exclusion: orange crystal statue
Orc:2 Azrael


Innate Abilities, Weirdness & Mutations

You cannot wear most types of armour.
You are amphibious.
You can wear up to eight rings at the same time.
Your skin changes colour to match your surroundings (Stealth+).
Your rubbery body absorbs attacks. (AC +1, EV +1)
You are unskilled. (-2 Apt)
You are somewhat inexperienced. (-1 XL)
You are camouflaged when in or above water. (Stealth+)
You have tentacles for arms and can constrict up to eight enemies at once.


Message History

You have turned to stone.
The basilisk hisses menacingly.
The basilisk gazes at you. You resist with almost no effort. The yak gores you.
The death yak gores you!! The yak gores you!
The yak bellows!
The death yak gores you! The yak gores you but does no damage.
The death yak gores you. The death yak gores you!
The yak gores you but does no damage. The basilisk gazes at you.
You resist with almost no effort.
The death yak gores you but does no damage.
The death yak gores you. The yak gores you!
The yak is stunned by your conviction and fails to attack.
The death yak gores you!
The death yak gores you but does no damage.
The yak barely misses you. The basilisk gazes at you.
You resist with almost no effort. The yak gores you!
The death yak barely misses you. The death yak gores you! The yak gores you.
The yak completely misses you.
The death yak gores you but does no damage.
You redirect the death yak's attack!
The death yak gores the death yak!
The yak gores you but does no damage. The yak gores you but does no damage.
The death yak gores you! The death yak barely misses you.
The yak gores you but does no damage.
You turn to flesh and can move again.
As you read the scroll of teleportation, it crumbles to dust.
You feel strangely unstable.
The basilisk begins to attack, but is stunned by your conviction!
The yak gores you. The death yak barely misses you.
The death yak closely misses you. The yak completely misses you.
You feel much better.
The yak is stunned by your conviction and fails to attack.
The death yak gores you!! x2
* * * LOW HITPOINT WARNING * * *
The yak barely misses you. The yak attacks as you move away!
The yak misses you. The death yak attacks as you move away!
The death yak gores you!!
You die...

#### #.#. ## ##...## ....
###~##P....##....
.##...~.~......... ..(
...~~≈~YYY....... ....$
...≈≈≈≈Y≈Y~.#..## ......
...~~≈~≈@≈≈l.#...##.....#
...~≈~YYYY≈≈.~.....#....#
#..~≈≈~YY≈≈≈~.......#....
#..≈≈≈~.~~≈≈..#..........
##..~≈≈≈≈~≈≈~......Y......
#...~~≈≈≈≈~~~.............
#.~.~~~~≈~.~.......†###Y.
#......~.......>...†.†...
####P................#####..


You could see 2 death yaks, 9 yaks and a basilisk.

Vanquished Creatures
  Rupert (D:14)
  Gastronok (D:8)
  The ghost of bronco the Thaumaturge, a journeyman MeEE of Kikubaaqudgha (Lair:2)
  Erolcha (D:13)
  3 hydras
  3 vault guards (D:13)
  A death knight (D:13)
  A boulder beetle (Lair:3)
  3 two-headed ogres
  A tengu warrior (D:13)
  The ghost of L4yla the Thaumaturge, a novice DrCj of Ashenzari (D:10)
  An orc high priest (Orc:2)
  2 death yaks (Lair:4)
  2 orc knights (Orc:1)
  A wizard (D:12)
  Pikel (D:4)
  An oklob plant (Lair:2)
  4 orc sorcerers
  5 cyclopes
  An ugly thing (D:13)
  A moth of wrath (Lair:2)
  A manticore (D:12)
  3 merfolk sirens (Lair:3)
  14 elephants
  Joseph (D:8)
  A torpor snail (Lair:2)
  3 gargoyles (D:12)
  3 unseen horrors
  11 cane toads
  3 rime drakes
  A freezing wraith (D:13)
  3 komodo dragons
  A tengu conjurer (D:12)
  A troll (shapeshifter) (D:14)
  8 trolls
  A merfolk (Lair:3)
  4 blink frogs
  2 polar bears
  2 hornets
  A shadow (D:12)
  A vampire (D:13)
  5 spriggans (Lair:2)
  3 wraiths
  37 yaks
  A water elemental (D:12)
  3 wyverns
  5 humans
  2 basilisks
  11 vampire mosquitoes
  4 wargs
  3 nagas (Lair:3)
  An acid dragon (D:8)
  8 water moccasins
  Duvessa (D:4)
  A black bear (D:5)
  11 orc warriors
  16 wolves
  4 centaurs
  6 ogres
  A phantom (D:5)
  2 kobold brigands
  11 bullfrogs
  A wyvern zombie (D:7)
  A gnoll sergeant (D:10)
  2 scorpions
  23 wights
  A water moccasin zombie (D:7)
  Dowan (D:4)
  4 jellies
  6 killer bees (D:9)
  3 howler monkeys
  3 electric eels
  2 bullfrog zombies (D:7)
  2 hounds
  11 orc priests
  A sleepcap (D:5)
  Terence (D:2)
  6 iguanas
  Natasha (thrice) (D:3)
  13 orc wizards
  3 howler monkey zombies (D:7)
  Robin (D:2)
  7 gnolls
  6 adders
  A shadow imp (D:7)
  A white imp (D:5)
  4 dart slugs
  30 orcs
  8 ball pythons
  4 bats
  3 endoplasms
  2 giant cockroaches
  16 goblins
  11 hobgoblins
  17 kobolds
  3 quokkas
  3 training dummies (Orc:1)
  2 frilled lizards (D:1)
  2 rats
  A spectral goblin (D:2)
446 creatures vanquished.

Vanquished Creatures (collateral kills)
  4 lemures (D:4)
4 creatures vanquished.

Vanquished Creatures (others)
  2 vault guards (D:13)
  A hydra (Lair:1)
  The ghost of ShatteredShell the Severer, a journeyman HOFi of Zin (Lair:1)
  A catoblepas (Lair:1)
  A two-headed ogre (D:13)
  A black mamba (Lair:4)
  2 cane toads (Lair:1)
  A troll (D:14)
  A human (D:13)
  A warg (Orc:1)
  An orc (Orc:1)
13 creatures vanquished.

Grand Total: 463 creatures vanquished

Notes
Turn   | Place    | Note
-------+----------+-------------------------------------------
     0 | D:5      | RancidPinata the Octopode Delver began the quest for the
                  | Orb.
     0 | D:5      | Reached XP level 1. HP: 16/16 MP: 1/1
    23 | D:5      | Noticed an ogre
    52 | D:5      | Noticed a black bear
    93 | D:5      | Found the +7 staff of the Meek {protect, meekguard}
   120 | D:5      | Noticed an iguana
   139 | D:5      | Found a staircase to the Ecumenical Temple.
   150 | Temple   | Entered the Ecumenical Temple
   463 | Temple   | Became a worshipper of Ru the Awakened
   604 | D:5      | Noticed a scorpion
   622 | D:5      | Noticed an ogre
   655 | D:5      | Noticed an iguana
   708 | D:4      | Noticed a water moccasin
   756 | D:4      | Noticed a hound
   773 | D:4      | Noticed an ogre
   800 | D:4      | Noticed a lemure
   864 | D:4      | Killed a hound
   865 | D:4      | Reached skill level 1 in Staves
   865 | D:4      | Reached XP level 2. HP: 15/21 MP: 2/2
   865 | D:4      | Reached XP level 3. HP: 19/26 MP: 3/3
  1066 | D:4      | Noticed Duvessa
  1133 | D:2      | Noticed Robin
  1142 | D:2      | Killed Robin
  1143 | D:2      | Reached skill level 7 in Stealth
  1149 | D:2      | Reached XP level 4. HP: 23/31 MP: 4/4
  1320 | D:2      | Found Mohiet's Antique Weapon Boutique.
  1850 | D:2      | Found a glowing silver altar of Zin.
  1867 | D:2      | Noticed Terence
  1922 | D:2      | Found a faded altar of an unknown god.
  1943 | D:2      | Identified the +2 dagger "Killer Bee's Peril" {heavy, rF+}
  2249 | D:2      | Killed Terence
  2250 | D:2      | Reached XP level 5. HP: 19/36 MP: 5/5
  3700 | D:3      | Noticed Natasha
  3766 | D:3      | Killed Natasha
  3772 | D:3      | Reached XP level 6. HP: 18/43 MP: 6/6
  4201 | D:3      | Noticed Natasha
  4208 | D:3      | Killed Natasha
  4231 | D:3      | Noticed Natasha
  4244 | D:3      | Killed Natasha
  4450 | D:4      | Noticed Pikel
  4568 | D:4      | Noticed Dowan
  5102 | D:4      | Killed a water moccasin
  5103 | D:4      | Reached skill level 8 in Stealth
  5103 | D:4      | Reached XP level 7. HP: 49/49 MP: 7/7
  5240 | D:4      | Killed Dowan
  5259 | D:3      | Gained mutation: You are somewhat inexperienced. (-1 XL)
                  | [Ru sacrifice]
  5259 | D:3      | Reached XP level 6. HP: 35/35 MP: 6/6
  5259 | D:3      | Reached * piety under Ru
  5440 | D:4      | Killed Duvessa
  5545 | D:4      | Killed Pikel
  5546 | D:4      | Reached skill level 5 in Fighting
  5546 | D:4      | Reached XP level 7. HP: 10/50 MP: 7/7
  6120 | D:5      | Reached skill level 9 in Stealth
  6392 | D:5      | Reached skill level 5 in Short Blades
  6392 | D:5      | Reached skill level 5 in Dodging
  7116 | D:6      | Reached XP level 8. HP: 41/57 MP: 8/8
  7180 | D:6      | Reached skill level 1 in Throwing
  7824 | D:7      | Reached skill level 5 in Staves
  7877 | D:7      | Reached skill level 10 in Stealth
  8409 | D:7      | Noticed a troll
  8414 | D:7      | Killed a troll
  9002 | D:8      | Gained mutation: You are somewhat unskilled. (-1 Apt) [Ru
                  | sacrifice]
  9002 | D:8      | Reduced skill Stealth to level 9
  9002 | D:8      | Reached ** piety under Ru
  9063 | D:8      | Reached skill level 5 in Staves
  9063 | D:8      | Reached XP level 9. HP: 56/63 MP: 9/9
  9220 | D:8      | Noticed Gastronok
  9242 | D:8      | Killed Gastronok
  9463 | D:8      | Noticed Joseph
  9472 | D:8      | Killed Joseph
  9754 | D:9      | Found Qezeme's Distillery.
  9774 | D:9      | Reached skill level 10 in Stealth
 10241 | D:10     | Entered Level 10 of the Dungeon
 10752 | D:10     | Reached skill level 1 in Evocations
 10898 | D:10     | Found a staircase to the Lair.
 11066 | D:10     | Found a runed translucent door.
 11066 | D:10     | Noticed L4yla's ghost (novice DrCj)
 11459 | D:9      | Reached XP level 10. HP: 56/72 MP: 10/10
 11919 | D:9      | Bought a potion of heal wounds for 70 gold pieces
 12710 | D:8      | Found a broken altar of Ashenzari.
 12839 | D:10     | Found a staircase to the Orcish Mines.
 12949 | D:11     | Found a shadowy altar of Dithmenos.
 12951 | D:11     | Noticed a two-headed ogre
 12955 | D:11     | Found Synuammy's Distillery.
 12963 | D:11     | Bought a potion of heal wounds for 60 gold pieces
 12963 | D:11     | Bought a potion of heal wounds for 60 gold pieces
 12963 | D:11     | Bought a potion of mutation for 96 gold pieces
 12989 | D:11     | Noticed a cyclops
 12999 | D:11     | Killed a cyclops
 13031 | D:11     | Noticed a two-headed ogre
 13219 | Lair:1   | Entered Level 1 of the Lair of Beasts
 13219 | Lair:1   | Noticed a catoblepas
 13766 | D:10     | HP: 3/72 [poisoned by a cane toad]
 13953 | D:10     | Gained mutation: You are unskilled. (-2 Apt) [Ru sacrifice]
 13953 | D:10     | Reduced skill Short Blades to level 5
 13953 | D:10     | Reduced skill Staves to level 5
 13953 | D:10     | Reduced skill Stealth to level 9
 13953 | D:10     | Reached *** piety under Ru
 13953 | D:10     | Reached **** piety under Ru
 14540 | D:11     | Noticed a cyclops
 14551 | D:11     | Killed a cyclops
 14743 | D:11     | Killed a two-headed ogre
 14744 | D:11     | Reached skill level 10 in Stealth
 14838 | D:11     | Noticed a cyclops
 15005 | D:10     | Identified a scroll of acquirement
 15005 | D:10     | Acquired 1138 gold pieces
 15464 | D:11     | Killed a cyclops
 15586 | D:11     | Bought a potion of might for 48 gold pieces
 15791 | D:11     | Killed a two-headed ogre
 16373 | D:13     | Noticed a green ugly thing
 16640 | D:12     | Reached XP level 11. HP: 75/77 MP: 11/11
 16826 | D:12     | Found Votopt's General Store.
 17012 | D:12     | Bought a scroll of acquirement for 676 gold pieces
 17012 | D:12     | Bought a scroll of acquirement for 676 gold pieces
 17277 | D:11     | Acquired the ring "Hohecara" {rPois rC+ AC+4 Int-3}
 17283 | D:11     | Acquired the amulet "Xoicag" {Regen+ Dex+3 Stlth+}
 17374 | Orc:1    | Entered Level 1 of the Orcish Mines
 17952 | Orc:1    | Found Suolu's Firing Range.
 18727 | Orc:2    | Entered Level 2 of the Orcish Mines
 18727 | Orc:2    | Found Giydi's Jewellery Boutique.
 18728 | Orc:2    | Found a staircase to the Elven Halls.
 18743 | Orc:1    | Noticed an orc high priest
 19276 | Orc:2    | Killed an orc high priest
 19615 | Orc:2    | Reached skill level 5 in Throwing
 19881 | Orc:2    | Noticed Azrael
 20509 | D:13     | Noticed a death knight
 20534 | D:13     | Noticed Erolcha
 20540 | D:13     | Killed Erolcha
 20541 | D:13     | Reached skill level 11 in Stealth
 20541 | D:13     | Reached XP level 12. HP: 85/85 MP: 12/12
 22163 | Lair:1   | Found a runed translucent gate.
 22163 | Lair:1   | Found a runed translucent gate.
 22163 | Lair:1   | Found a runed translucent gate.
 22167 | Lair:1   | Noticed ShatteredShell's ghost (journeyman HOFi)
 22202 | Lair:1   | Reached skill level 5 in Evocations
 22299 | Lair:1   | Identified the +8 scimitar "Tipan" {heavy, rPois rC+++
                  | Int-5 Stlth+}
 22327 | Lair:1   | Killed ShatteredShell's ghost
 22571 | D:10     | Killed L4yla's ghost
 22811 | D:13     | Noticed a vault guard
 22811 | D:13     | Noticed a vault guard
 23222 | D:13     | Found a portal to a secret trove of treasure.
 23560 | D:13     | Noticed a vault guard
 23560 | D:13     | Noticed a vault guard
 23568 | D:13     | Found a gate to the Vaults.
 23568 | D:13     | Noticed a vault guard
 23588 | D:13     | Killed a vault guard
 23604 | D:13     | Killed a vault guard
 23724 | D:13     | Killed a vault guard
 24197 | D:13     | Killed a vault guard
 24313 | D:14     | Noticed Rupert
 24317 | D:14     | Killed Rupert
 24696 | D:13     | Killed a vault guard
 24697 | D:13     | Reached XP level 13. HP: 92/92 MP: 13/13
 25229 | Lair:2   | Identified the +1 sling "Piror" {flame, rF+}
 25243 | Lair:2   | Found a transporter.
 25249 | Lair:2   | Noticed bronco's ghost (journeyman MeEE)
 25250 | Lair:2   | Found a bloodstained altar of Trog.
 25259 | Lair:2   | Found a transporter.
 25280 | Lair:2   | Identified the +4 arbalest of the Open Hand {penet, +Blink
                  | rElec rPois Int-5}
 25331 | Lair:2   | Reached skill level 12 in Stealth
 25344 | Lair:2   | Reached skill level 10 in Fighting
 26370 | Lair:2   | Reached skill level 10 in Dodging
 26405 | Lair:2   | Killed bronco's ghost
 27484 | Lair:3   | Found a staircase to the Snake Pit.
 27513 | Lair:3   | Identified the orb "Delu" {*channel, +Blink rPois MP+9
                  | Stlth-}
 27752 | Lair:3   | Found a staircase to the Shoals.
 28526 | Lair:4   | Found a staircase to the Slime Pits.
 28715 | Lair:4   | Mangled by a death yak

Illustrated notes

Levels and vault maps discovered:
D:1:      dpeg_arrival_pits, layout_basic
D:2:      layout_loops_ring, serial_shops, shop,
          dreamdust_ecumenical_altar_drowned_temple, basic_altar,
          minmay_gold_behind_fungi, uniq_robin, uniq_terence
D:3:      layout_rooms, nicolae_kite_square_tiling_tiny, uniq_natasha
D:4:      layout_basic, uniq_pikel, uniq_duvessa
D:5:      layout_cave_pools, minmay_temple_entry_stoned_glass
D:6:      layout_gridville
D:7:      layout_basic, serial_undead, serial_undead_c, serial_undead_d,
          serial_undead_b, serial_undead_c, serial_undead_c, serial_undead_e,
          serial_undead_f
D:8:      layout_loops_ring, mainiacjoe_overflow_alcove_4,
          mrwooster_statue_mirror, uniq_gastronok, uniq_joseph
D:9:      layout_roguey, serial_curves, eino_curves_02, eino_curves_01,
          serial_shops, nicolae_shop_industrial_runoff
D:10:     layout_gridville, dpeg_oklobed_lair, orc_0_dummy,
          gammafunk_ghost_grave
D:11:     layout_irregular_city, serial_shops, shop,
          nicolae_dithmenos_the_darkroom
D:12:     minmay_angry_zag, layout_basic, nicolae_stop_n_shop_2
D:13:     layout_loops_ring, ximxim_vaults_locker_room,
          nicolae_trove_entry_columns, uniq_erolcha
D:14:     layout_irregular_city, hangedman_decor_slide_cut, minivault_15,
          uniq_rupert
Temple:   mainiacjoe_temple_circle_huts
Lair:1:   layout_cave_pods, gammafunk_ghost_hydra_chop
Lair:2:   layout_roguey, gammafunk_ghost_wrathful_warriors
Lair:3:   layout_gridlike, elwin_shoals_entry_stream,
          nicolae_snake_entry_squirm, st_stairs_4, serial_bayou_shore_a,
          lemuel_fruit_fields
Lair:4:   layout_misc_corridors, slime_entry_1, dreamdust_deal_with_the_devil,
          minivault_11, infiniplex_staircase_pool_2, lemuel_fruit_tree
Orc:1:    layout_diamond_mine, nicolae_shop_firing_range
Orc:2:    st_orc_open, layout_caves, minmay_shop_enchanted_jewellery,
          uniq_azrael, uniq_saint_roka

Skill      XL: |  1  2  3  4  5  6  7  8  9 10 11 12 13 |
---------------+----------------------------------------+-----
Staves         | 1 2 3 4 5 5 6 7 8 |  8.2
Stealth        | 7 8 9 9 10 10 11 12 | 12.9
Short Blades   | 3 4 5 6 6 7 |  7.9
Dodging        | 3 4 5 6 7 8 9 10 | 10.4
Fighting       | 5 6 7 8 9 10 | 10.5
Throwing       | 2 3 4 5 6 |  6.6
Evocations     | 1 3 4 5 6 |  6.2

Action                     |  1- 3 |  4- 6 |  7- 9 | 10-12 | 13-15 || total
---------------------------+-------+-------+-------+-------+-------++-------
  Melee: Quarterstaff      |    29 |    95 |   194 |   634 |   410 ||  1362
         Constrict         |    11 |    22 |    46 |   101 |    48 ||   228
         Tentacles         |     7 |    16 |    61 |   195 |   148 ||   427
         Short sword       |     3 |       |    53 |    29 |       ||    85
         Dagger            |       |     4 |     2 |       |       ||     6
         Punch             |       |     1 |     7 |    16 |    10 ||    34
  Throw: Throwing net      |     1 |       |       |       |       ||     1
         Dart              |       |    16 |     9 |    39 |       ||    64
         Boomerang         |       |       |    17 |     6 |     9 ||    32
 Invoke: Reject Sacrifices |       |     1 |       |     2 |       ||     3
         Sacrifice Experie |       |     1 |       |       |       ||     1
         Sacrifice Skill   |       |       |     1 |     1 |       ||     2
    Use: Potion            |       |     5 |     2 |    14 |     6 ||    27
         Scroll            |       |     7 |     5 |    10 |    10 ||    32
   Stab: Sleeping          |     4 |    21 |    22 |    18 |    12 ||    77
         Held in net/web   |     1 |       |       |       |       ||     1
         Distracted        |       |       |     3 |     8 |     2 ||    13
         Invisible         |       |       |     2 |     4 |     2 ||     8
         Paralysed         |       |       |       |     4 |       ||     4
 Armour: Skin              |     3 |    13 |    23 |   110 |    90 ||   239
  Dodge: Dodged            |    10 |    95 |   116 |   600 |   528 ||  1349
  Block: Buckler           |       |       |     1 |       |       ||     1
